Map: Invader LE

Players

imData

  • Race: Protoss Protoss
  • League: Master

MjK - Winner!

  • Race: Protoss Protoss
  • League: Master

VOD

Have the link to the VOD?

Description

Time

  • Played on: April 13, 2016, 5:09 p.m.
  • Length: 7:11
Show
View Real Time Build Order
Export as new Build Order

imData Protoss 

Build Orders: Nexus First 

Get SALT Encoding   

  12  0:01  Probe (Chrono Boost)  
  13  0:11  Probe (Chrono Boost)  
  14  0:20  Pylon  
  14  0:22  Probe (Chrono Boost)  
  15  0:38  Probe (Chrono Boost)  
  16  0:49  Probe (Chrono Boost)  
  17  1:00  Nexus  
  17  1:10  Gateway  
  17  1:15  Probe (Chrono Boost)  
  18  1:20  Assimilator  
  18  1:27  Assimilator  
  18  1:38  Gateway  
  18  1:39  Probe (Chrono Boost)  
  19  1:49  Probe (Chrono Boost)  
  20  1:59  Cybernetics Core  
  20  2:00  Probe (Chrono Boost)  
  21  2:10  Probe (Chrono Boost)  
  21  2:15  Probe (Chrono Boost)  
  23  2:21  Probe (Chrono Boost)  
  24  2:26  Probe (Chrono Boost)  
  24  2:27  Pylon  
  25  2:32  Probe (Chrono Boost)  
  27  2:40  Mothership Core (Chrono Boost)  
  27  2:42  Probe (Chrono Boost)  
  29  2:44  Stalker  
  31  2:53  Probe (Chrono Boost)  
  31  2:58  Probe (Chrono Boost)  
  33  2:59  Pylon  
  33  3:03  Probe (Chrono Boost)  
  34  3:08  Probe (Chrono Boost)  
  35  3:14  Probe (Chrono Boost)  
  35  3:19  Pylon, Probe (Chrono Boost)  
  37  3:20  Stalker (Chrono Boost)  
  37  3:25  Stalker (Chrono Boost)  
  39  3:34  Probe  
  39  3:35  Probe  
  39  3:39  Assimilator  
  39  3:41  Assimilator  
  41  3:43  Stargate  
  41  3:46  Probe  
  42  4:04  Pylon  
  42  4:05  Pylon  
  42  4:10  Pylon  
  42  4:22  Oracle (Chrono Boost)  
  47  4:41  Nexus  
  44  4:53  Oracle  
  27  5:23  Void Ray  
  28  5:49  Gateway  
  28  6:01  Void Ray  
  24  6:07  Assimilator  
  24  6:10  Assimilator  
  28  6:13  Pylon  
  28  6:19  Gateway  
  28  6:38  Cybernetics Core  
  28  6:39  Zealot (Chrono Boost)  
  30  6:40  Pylon  
  30  6:44  Probe  
Show
View Real Time Build Order
Export as new Build Order

MjK Protoss - Winner!

Build Orders:  

Get SALT Encoding   

  12  0:01  Probe (Chrono Boost)  
  13  0:11  Probe (Chrono Boost)  
  14  0:17  Pylon  
  14  0:22  Probe (Chrono Boost)  
  16  0:35  Probe (Chrono Boost)  
  16  0:37  Gateway  
  16  0:43  Assimilator  
  16  0:47  Probe (Chrono Boost)  
  17  0:58  Probe (Chrono Boost)  
  17  1:03  Assimilator  
  18  1:08  Probe (Chrono Boost)  
  19  1:12  Gateway  
  19  1:19  Probe (Chrono Boost)  
  20  1:31  Cybernetics Core  
  20  1:32  Probe (Chrono Boost)  
  21  1:40  Pylon  
  21  1:44  Probe (Chrono Boost)  
  22  1:55  Probe (Chrono Boost)  
  24  2:10  Stalker  
  24  2:11  Stalker  
  24  2:12  Warp Gate (Chrono Boost)  
  27  2:16  Pylon  
  28  2:30  Probe  
  28  2:40  Stalker x2  
  32  2:50  Robotics Facility  
  32  3:03  Pylon  
  32  3:04  Mothership Core  
  34  3:17  Stalker  
  36  3:21  Gateway  
  36  3:37  Immortal (Chrono Boost)  
  40  4:07  Gateway  
  40  4:08  Stalker  
  40  4:09  Stalker  
  44  4:14  Observer (Chrono Boost)  
  44  4:16  Pylon  
  45  4:30  Stalker  
  47  4:38  Stalker  
  47  4:39  Stalker  
  51  4:52  Warp Prism (Chrono Boost)  
  53  5:04  Stalker  
  52  5:10  Probe  
  49  5:22  Stalker, Probe  
  52  5:32  Stalker  
  52  5:34  Probe  
  52  5:46  Probe  
  53  5:53  Observer (Chrono Boost)  
  54  5:58  Probe  
  54  6:10  Probe  
  55  6:22  Pylon  
  55  6:41  Stalker x3  
  62  6:47  Probe  
  62  6:59  Probe  
Tags
 
Add a new tag
Caveats
  • Supply blocks, unpowered buildings, or Contaminate may cause inaccurate times.
  • Supply counts are checked every 10 seconds.